 Dungeon Crawl Stone Soup version 0.13-a0-2600-g811f1de (webtiles) character file.

588 Kae the Ruinous (level 6, -1/32 HPs)
             Began as a Tengu Fire Elementalist on Aug 3, 2013.
             Was an Initiate of Vehumet.
             Shot with an arrow by Ijyb (14 damage)
             ... on Level 3 of the Dungeon.
             The game lasted 00:07:34 (3824 turns).

Kae the Ruinous (Tengu Fire Elementalist)           Turns: 3824, Time: 00:07:34

HP  -1/32        AC  2     Str  8      XL: 6   Next: 99%
MP   1/14        EV 11     Int 19      God: Vehumet [......]
Gold 157         SH  7     Dex 15      Spells:  3 memorised,  5 levels left

Res.Fire  : . . .   See Invis. : .   (no weapon)
Res.Cold  : . . .   Warding    : .   a - +0 robe
Life Prot.: . . .   Conserve   : .   p - +0 buckler
Res.Poison: .       Res.Corr.  : .   (helmet restricted)
Res.Elec. : .       Clarity    : .   (no cloak)
Sust.Abil.: . .     Spirit.Shd : .   (no gloves)
Res.Mut.  : .       Stasis     : .   (boots unavailable)
Res.Rott. : .       Flight     : .   (no amulet)
Saprovore : . . .                    (no ring)
                                     g - +2 ring of intelligence

@: slightly resistant to hostile enchantments, fairly stealthy
A: able to fly, beak, talons 3
a: Fly, Renounce Religion


You were on level 3 of the Dungeon.
You worshipped Vehumet.
Vehumet was pleased with you.
You were not hungry.

You visited 1 branch of the dungeon, and saw 3 of its levels.

You collected 137 gold pieces.

Inventory:

Hand weapons
 k - a +0,+1 short sword
Missiles
 j - 8 exploding darts (quivered)
Armour
 a - a +0 robe (worn)
 p - a +0 buckler (worn)
Magical devices
 v - a wand of slowing (7)
Comestibles
 c - 4 bread rations
 s - a pear
 x - a rotting chunk of gnoll flesh
 z - 13 sultanas
Scrolls
 d - a scroll of enchant weapon I {unknown}
 e - 2 scrolls of noise {unknown}
 f - a scroll of magic mapping {unknown}
 h - 6 scrolls of remove curse {unknown}
 i - a scroll of teleportation {unknown}
 l - 2 scrolls of enchant weapon II {unknown}
 m - 5 scrolls of identify {unknown}
 r - a scroll of fear {unknown}
 t - a scroll of random uselessness {unknown}
 u - a scroll of blinking {unknown}
 w - a scroll of curse weapon {unknown}
Jewellery
 g - a +2 ring of intelligence (left hand)
 q - an uncursed amulet of inaccuracy {unknown}
Potions
 n - a potion of curing
Books
 b - a book of Flames

   Spells                             Type                      Level
   *Flame Tongue                      Conjuration/Fire             1
   *Throw Flame                       Conjuration/Fire             2
   *Conjure Flame                     Conjuration/Fire             3
   Inner Flame                        Hexes/Fire                   3
   Sticky Flame                       Conjuration/Fire             4
   Fireball                           Conjuration/Fire             5


   Skills:
 - Level 2.1 Dodging
 - Level 2.0 Stealth
 + Level 3.1 Spellcasting
 * Level 6.4 Conjurations
 + Level 5.1 Fire Magic


You had 5 spell levels left.
You knew the following spells:

 Your Spells              Type           Power        Failure   Level  Hunger
a - Flame Tongue          Conj/Fire      ###..        1%          1    None
b - Throw Flame           Conj/Fire      ###...       2%          2    ##.....
c - Conjure Flame         Conj/Fire      ###.....     6%          3    ###....


Dungeon Overview and Level Annotations

Branches:
Dungeon (3/27)

Altars:
Cheibriados
Fedhas
Vehumet
Xom

Annotations
D:3 Ijyb, Sigmund


Innate Abilities, Weirdness & Mutations

You can fly.
You have a beak for a mouth.
You have claws for feet.


Message History

Press: ? - help, Shift-Dir - straight line, f/p - Ijyb
Aim: Ijyb, wielding a glowing bow (severely wounded, unusually strong)
The flame hits Ijyb.
Ijyb is severely wounded.
Casting: Flame Tongue
Confirm with . or Enter, or press ? or * to list all spells.
You don't have enough magic to cast that spell.
Ijyb shoots an arrow.
The arrow hits you!
* * * LOW HITPOINT WARNING * * *
You see here an arrow.
Read which item? (? for menu, Esc to quit)
Okay, then.
Drink which item? (? for menu, Esc to quit)
You feel better.
Ijyb shoots an arrow.
The arrow misses you.
Ijyb shoots an arrow.
The arrow hits you!
You see here an arrow.
Ijyb shoots an arrow.
The arrow hits you!
You see here 2 arrows.
Ijyb shoots an arrow.
The arrow hits you!
You die...

#########################
........g§(.((.(@........
...(...##################
######(# #.# . #.# .# ##
#.# .# .# #.# .# .#
#.##################.#
.#####....................#


You could see Ijyb.

Vanquished Creatures
  An ice beast (D:3)
  The ghost of tesudzi the Poker, an average DsFi of Kikubaaqudgha (D:3)
  A centaur (D:3)
  A worker ant (D:3)
  2 gnolls (D:3)
  5 adders
  A giant mite (D:3)
  A giant eyeball (D:3)
  An ooze (D:2)
  10 bats
  3 giant cockroaches (D:1)
  9 hobgoblins
  11 jackals
  10 kobolds
  A quokka (D:2)
  2 giant geckos
  3 giant newts
  9 goblins
  6 rats
78 creatures vanquished.

Notes
Turn   | Place    | Note
--------------------------------------------------------------
     0 | D:1      | Kae, the Tengu Fire Elementalist, began the quest for the Orb.
     0 | D:1      | Reached XP level 1. HP: 10/10 MP: 3/3
   365 | D:1      | Reached XP level 2. HP: 15/15 MP: 5/5
   729 | D:1      | Found a shimmering altar of Xom.
   952 | D:1      | Reached XP level 3. HP: 13/19 MP: 4/7
  1693 | D:2      | Reached XP level 4. HP: 24/24 MP: 5/8
  1763 | D:2      | Reached skill level 4 in Fire Magic
  2517 | D:3      | Found a blossoming altar of Fedhas.
  2538 | D:3      | Noticed Sigmund
  2545 | D:3      | Found a radiant altar of Vehumet.
  2549 | D:3      | Noticed tesudzi's ghost (average DsFi)
  2615 | D:3      | Killed tesudzi's ghost
  2615 | D:3      | Reached XP level 5. HP: 28/28 MP: 1/12
  2748 | D:3      | Became a worshipper of Vehumet
  3220 | D:3      | Reached skill level 5 in Conjurations
  3243 | D:3      | Noticed an ice beast
  3287 | D:3      | Learned a level 2 spell: Throw Flame
  3291 | D:3      | Learned a level 3 spell: Conjure Flame
  3311 | D:3      | Killed an ice beast
  3311 | D:3      | Reached XP level 6. HP: 32/32 MP: 3/14
  3413 | D:3      | Paralysed by a giant eyeball for 3 turns
  3515 | D:3      | Found a snail-covered altar of Cheibriados.
  3565 | D:3      | Reached skill level 6 in Conjurations
  3793 | D:3      | Noticed a centaur
  3798 | D:3      | Noticed Ijyb
  3805 | D:3      | Killed a centaur
  3805 | D:3      | Reached skill level 5 in Fire Magic
  3824 | D:3      | Shot with an arrow by Ijyb

Action                   |  1- 3 |  4- 6 || total
-------------------------+-------+-------++-------
Melee: Unarmed           |    22 |    19 ||    41
Throw: Dart              |     2 |       ||     2
 Cast: Flame Tongue      |    61 |   102 ||   163
       Conjure Flame     |       |     4 ||     4
       Throw Flame       |       |     1 ||     1
  Use: Potion            |     2 |     7 ||     9
 Stab: Sleeping          |     1 |       ||     1
